 Dungeon Crawl Stone Soup version 0.31-a0-949-g57150269e1 (webtiles) character file.

Game seed: 16970029438137668852

6828 p00ps00p the Cleaver (level 11, -1/101 HPs)
             Began as a Hill Orc Fighter on Oct 22, 2023.
             Was an Initiate of Gozag.
             Slain by an ogre
             ... wielding a +0 giant club
             ... led by Lodul
              (17 damage)
             ... on level 10 of the Dungeon.
             The game lasted 00:19:49 (9535 turns).

p00ps00p the Cleaver (Hill Orc Fighter)             Turns: 9535, Time: 00:19:50

Health: -1/101     AC: 18    Str: 24    XL:     11   Next: 5%
Magic:  11/11      EV:  8    Int: 17    God:    Gozag
Gold:   761        SH: 11    Dex: 13    Spells: 10/10 levels left

rFire   . . .        P - +6 flail of the Depths {venom, Fly rPois Int+3}
rCold   . . .        c - +0 buckler
rNeg    . . .        z - +3 chain mail
rPois   +            H - +0 helmet
rElec   .            O - +0 cloak {rPois}
rCorr   .            B - +0 pair of gloves
SInv    .            (no boots)
Will    .....        M - amulet "Xienih" {Reflect Dex+3 SH+5 Stlth+} Stlth
                     e - +4 ring of slaying
HPRegen 0.36/turn    x - +6 ring of intelligence
MPRegen 0.12/turn

%: reflection
@: gold aura, flying, invisible
A: no striking features
a: Renounce Religion, Potion Petition, Call Merchant, Bribe Branch


You were on level 10 of the Dungeon.
You worshipped Gozag.
Gozag was pleased with you.
You visited 2 branches of the dungeon, and saw 11 of its levels.
You also visited: Sewer.

You collected 1446 gold pieces.
You spent 599 gold pieces at shops.
You paid 86 gold pieces to Gozag.

Inventory:

Hand Weapons
 a - a +0 heavy war axe
 m - the +11 plutonium sword {Contam Stlth-}
   (You found it on level 2 of the Dungeon)

   Contam:    It causes magical contamination when unequipped.
   Stlth-:    It makes you less stealthy.
 y - a +1 whip of flaming
 K - a +3 war axe of freezing
 P - the +6 flail of the Depths (weapon) {venom, Fly rPois Int+3}
   (You found it on level 9 of the Dungeon)

   Int+3:     It affects your intelligence (+3).
   rPois:     It protects you from poison Fly: It grants you flight.
Missiles
 g - 2 throwing nets
 h - 18 poisoned darts
Armour
 c - a +0 buckler (worn)
 i - a +5 kite shield
 z - a +3 chain mail (worn)
 B - a +0 pair of gloves (worn)
 H - a +0 helmet (worn)
 O - a +0 cloak of poison resistance (worn)
Jewellery
 e - a +4 ring of slaying (left hand)
 v - a ring of see invisible
 x - a +6 ring of intelligence (right hand)
 L - a ring of protection from fire
 M - the amulet "Xienih" (around neck) {Reflect Dex+3 SH+5 Stlth+}
   (You bought it in a shop on level 4 of the Dungeon)

   [amulet of reflection]

   Reflect:   It reflects blocked missile attacks.
   Dex+3:     It affects your dexterity (+3).
   SH+5:      It affects your SH (+5).
   Stlth+:    It makes you more stealthy.
Wands
 f - a wand of flame (18)
 n - a wand of paralysis (2)
 G - a wand of polymorph (12)
 J - a wand of iceblast (19)
Scrolls
 j - 2 scrolls of poison
 o - 3 scrolls of amnesia
 r - 2 scrolls of vulnerability
 s - a scroll of fog {unknown}
 D - 3 scrolls of identify
 F - 2 scrolls of teleportation
 I - 3 scrolls of revelation
 N - a scroll of acquirement {unknown}
Potions
 b - a potion of magic
 d - a potion of might
 k - 4 potions of degeneration
 l - 2 potions of lignification
 q - 2 potions of cancellation
 u - a potion of attraction
 w - a potion of curing {unknown}
 A - 2 potions of enlightenment {unknown}
 C - 3 potions of haste
 E - a potion of heal wounds


   Skills:
 + Level 10.6 Fighting
 + Level 11.2 Axes
 + Level 9.7 Armour
 + Level 9.7 Shields


You had 10 spell levels left.
You didn't know any spells.
Your spell library contained the following spells:

 Spells                   Type           Power      Damage    Failure   Level
 Static Discharge         Conj/Air       0%         3-3/arc   87%         2
 Airstrike                Air            0%         2d(0-16)  100%        4
 Summon Lightning Spire   Summ/Air       0%         N/A       100%        4


Dungeon Overview and Level Annotations

Branches:
Dungeon (10/15)            Temple (1/1) D:5           Sewer (visited)
   Lair: D:8-11         Orc: D:9-12

Altars:
Ashenzari
Cheibriados
Dithmenos
Elyvilon
Gozag
Hepliaklqana
Kikubaaqudgha
Makhleb
Nemelex Xobeh
Okawaru
Qazlal
Ru
Sif Muna
Trog
Uskayaw
Wu Jian
Xom
Yredelemnul
Zin
The Shining One

Shops:
D:4 =   D:8 (   D:10 [


Message History

The ogre is severely wounded.
You sock the ogre!
You kill the ogre!
The ogre misses you.
You thump Lodul!
Lodul is moderately wounded.
You block Lodul's attack. The ogre hits you with a +0 giant club!
You bludgeon Lodul!!
Lodul is heavily wounded.
You block the ogre's attack. Lodul hits you with a +0 dire flail.
You hit Lodul.
Lodul is poisoned.
Lodul is severely wounded.
The ogre hits you with a +0 giant club. You block the ogre's attack.
You bludgeon Lodul!!
You kill Lodul!
You block the ogre's attack. The ogre hits you but does no damage.
The ogre hits you with a +0 giant club!!
The ogre hits you with a +0 giant club!
Your Axes skill increases to level 11!
You have reached level 11!
You hit the ogre.
The ogre is poisoned.
The ogre is lightly wounded.
The ogre barely misses you.
Unknown command.
You closely miss the ogre.
The ogre is moderately wounded.
You block the ogre's attack. The ogre closely misses you.
You block the ogre's attack.
Unknown command.
You barely miss the ogre.
The ogre is moderately wounded.
The ogre hits you with a +0 giant club!
* * * LOW HITPOINT WARNING * * *
You block the ogre's attack. x2; The ogre barely misses you.
You fade into invisibility!
You block the ogre's attack. The ogre hits you with a +0 giant club!
* * * LOW HITPOINT WARNING * * *
The ogre hits you with a +0 giant club!
You die...
Your body crumbles into a pile of gold.

........# ........#
........# ........#
>.......# ........#
#.......# ..^...OO#
#.......# ......OO#
#.......# ......O@#
#.......# ........#
#.......# ........#
#.......#
........###.......#
.######≈≈≈≈≈≈≈....#####
............∩≈.......>#
.######≈≈≈≈≈≈≈....###.#
############# #.# #.#


You could see 5 ogres.

Vanquished Creatures
  Lodul (D:10)
  Pikel (D:6)
  Maggie (D:9)
  A wraith (D:8)
  10 yaks (D:9)
  A wyvern (D:8)
  A steam dragon (D:6)
  Pargi (Sewer)
  An orc warrior (D:8)
  A sky beast (D:7)
  2 black bears (D:4)
  2 ogres
  5 centaurs
  3 lemures (D:5)
  2 phantoms
  A kobold brigand (D:7)
  3 bullfrogs
  A gnoll sergeant (D:7)
  A scorpion (D:4)
  10 wights
  13 killer bees
  A howler monkey (D:8)
  3 hounds
  7 jellies
  3 orc priests
  A gnoll bouda (D:5)
  6 iguanas
  A sleepcap (D:6)
  An orc wizard (D:7)
  A mummy (D:5)
  19 gnolls
  7 adders
  A river rat (D:6)
  4 worms
  3 dart slugs
  21 orcs
  8 ball pythons
  8 bats
  8 endoplasms
  4 giant cockroaches
  9 hobgoblins
  2 jackals (D:2)
  4 quokkas
  12 frilled lizards
  10 goblins
  12 kobolds
  13 rats
231 creatures vanquished.

Vanquished Creatures (others)
  An orc wizard (D:9)
1 creature vanquished.

Grand Total: 232 creatures vanquished

Notes
Turn   | Place    | Note
-------+----------+-------------------------------------------
     0 | D:1      | p00ps00p the Hill Orc Fighter began the quest for the Orb.
     0 | D:1      | Reached XP level 1. HP: 19/19 MP: 1/1
   156 | D:1      | Reached skill level 3 in Axes
   156 | D:1      | Reached XP level 2. HP: 27/27 MP: 2/2
   364 | D:1      | Reached XP level 3. HP: 30/33 MP: 3/3
   982 | D:2      | Reached XP level 4. HP: 40/40 MP: 4/4
  1186 | D:2      | Found the +11 plutonium sword {Contam Stlth-}
  1736 | D:3      | Reached skill level 4 in Axes
  1736 | D:3      | Reached XP level 5. HP: 40/47 MP: 5/5
  1856 | D:3      | Found a stormy altar of Qazlal.
  1935 | D:3      | Found a sparkling altar of Nemelex Xobeh.
  1998 | D:3      | Found a sacrificial altar of Ru.
  2304 | D:3      | Found a broken altar of Ashenzari.
  2311 | D:3      | Found an ancient bone altar of Kikubaaqudgha.
  2360 | D:4      | Found Sodutoc's Jewellery Shoppe.
  2404 | D:4      | Reached XP level 6. HP: 50/55 MP: 6/6
  2421 | D:4      | Found a burning altar of Makhleb.
  2476 | D:4      | Reached skill level 5 in Fighting
  2629 | D:4      | Found a white marble altar of Elyvilon.
  2657 | D:4      | Noticed a black bear
  2669 | D:4      | Killed a black bear
  2670 | D:4      | Reached skill level 5 in Axes
  2804 | D:4      | Found a basalt altar of Yredelemnul.
  2810 | D:4      | Reached skill level 5 in Armour
  2810 | D:4      | Reached skill level 5 in Shields
  2902 | D:4      | Reached XP level 7. HP: 54/61 MP: 7/7
  3230 | D:5      | Entered Level 5 of the Dungeon
  3230 | D:5      | Found a staircase to the Ecumenical Temple.
  3886 | Temple   | Entered the Ecumenical Temple
  3893 | Temple   | Became a worshipper of Gozag Ym Sagoz the Greedy
  3931 | D:5      | Reached skill level 6 in Axes
  4277 | D:5      | Found a snail-covered altar of Cheibriados.
  4343 | D:5      | Reached XP level 8. HP: 70/70 MP: 8/8
  5112 | D:6      | Noticed Pikel
  5175 | D:6      | Killed Pikel
  5176 | D:6      | Reached skill level 7 in Axes
  5254 | D:6      | Reached XP level 9. HP: 29/80 MP: 9/9
  5392 | D:6      | Found a glowing drain.
  5407 | Sewer    | Entered a sewer
  5457 | Sewer    | Reached skill level 8 in Axes
  5472 | Sewer    | Noticed Pargi
  5480 | Sewer    | Killed Pargi
  6857 | D:4      | Bought the amulet "Xienih" {Reflect Dex+3 SH+5 Stlth+} for
                  | 599 gold pieces
  7186 | D:7      | Found a hazy altar of Hepliaklqana.
  7457 | D:8      | Found a glowing silver altar of Zin.
  7460 | D:8      | Found a glowing golden altar of the Shining One.
  7472 | D:8      | Found an iron altar of Okawaru.
  7491 | D:8      | Reached skill level 9 in Axes
  7815 | D:8      | Reached XP level 10. HP: 88/90 MP: 10/10
  7846 | D:8      | Found Fahaq's Weapon Shop.
  8685 | D:9      | Noticed a moth of wrath
  8749 | D:9      | Reached skill level 10 in Axes
  8919 | D:9      | Reached skill level 10 in Fighting
  9125 | D:9      | Noticed Maggie
  9135 | D:9      | Killed Maggie
  9333 | D:9      | Found a bloodstained altar of Trog.
  9349 | D:9      | Identified the +6 flail of the Depths {venom, Fly rPois
                  | Int+3}
  9426 | D:10     | Entered Level 10 of the Dungeon
  9505 | D:10     | Found Dimues's Armour Shoppe.
  9521 | D:10     | Noticed Lodul
  9530 | D:10     | Killed Lodul
  9531 | D:10     | Reached skill level 11 in Axes
  9531 | D:10     | Reached XP level 11. HP: 31/101 MP: 11/11
  9535 | D:10     | Slain by an ogre

Illustrated notes

Levels and vault maps discovered:
D:1:      amcnicky_arrival_choice, layout_rooms, nicolae_titane
D:2:      layout_rooms
D:3:      layout_rooms, lemuel_doored_altar, mainiacjoe_overflow_tiny_flanked,
          amcnicky_altar_gilded, amethyst_overflow_temple_binary
D:4:      layout_cave_pools, makhleb_heckhound_becter, elyvilon_altar_3,
          lemuel_round_altar, serial_shops, shop, minmay_misc_feat_roman
D:5:      layout_rooms, chei_slow_surprise, minmay_temple_entry_trees
D:6:      layout_basic, cheibrodos_sewer_entry_sluice, uniq_pikel
D:7:      layout_basic, mainiacjoe_overflow_brackets
D:8:      layout_loops_corners, chequers_temple_overflow_statue_of_worship,
          lemuel_round_altar, serial_shops, nicolae_shop_trees
D:9:      layout_rooms, tgw_trog, uniq_maggie
D:10:     layout_basic, vehumet_altar_wand_db, fedhas_bush_and_centaur_altar,
          serial_shops, nicolae_shop_peninsula, serial_park_tiny_1, uniq_urug,
          uniq_lodul, uniq_fannar
Temple:   hellmonk_temple_micro_hex

Skill      XL: |  1  2  3  4  5  6  7  8  9 10 |
---------------+-------------------------------+-----
Axes           | 3 4 5 6 7 9 11 | 11.2
Fighting       | 4 5 6 7 9 10 | 10.6
Armour         | 4 5 7 8 9 |  9.7
Shields        | 4 5 7 8 9 |  9.7

Action                     |  1- 3 |  4- 6 |  7- 9 | 10-12 || total
---------------------------+-------+-------+-------+-------++-------
  Melee: War axe           |   102 |   134 |   208 |   105 ||   549
         Flail             |       |       |    27 |    11 ||    38
  Evoke: Wand              |       |       |       |     3 ||     3
    Use: Scroll            |     5 |     6 |    11 |       ||    22
         Potion            |       |       |     3 |     1 ||     4
   Stab: Distracted        |       |       |     2 |     1 ||     3
 Armour: Scale mail        |    73 |       |       |       ||    73
         Chain mail        |       |    45 |   191 |    76 ||   312
         Plate armour      |       |    68 |   107 |       ||   175
  Dodge: Dodged            |    55 |    47 |   144 |    36 ||   282
  Block: Buckler           |    14 |    24 |   114 |    75 ||   227
         Kite shield       |    27 |    29 |       |       ||    56
         Reflection        |       |       |     1 |     7 ||     8

Table legend: (Time is in decaauts)
 A = Elapsed time spent in this place.
 B = Non-inter-level travel time spent in this place.
 C = Inter-level travel time spent in this place.
 D = Time resting spent in this place.
 E = Time spent auto-exploring this place.
 F = Levels seen in this place.
 G = Mean time per level.
                   A        B        C        D        E       F      G
               +--------+--------+--------+--------+--------+-----+--------+
         Total |   9812 |   9356 |    456 |   2083 |   5283 |  12 |  817.7 |
       Dungeon |   9524 |   9075 |    449 |   2083 |   5136 |  10 |  952.4 |
        Temple |     14 |      7 |      7 |      0 |      0 |   1 |   14.0 |
         Sewer |    273 |    273 |      0 |      0 |    147 |   1 |  273.0 |
               +--------+--------+--------+--------+--------+-----+--------+

Top non-repeatable levels by time:
     D:4: 1578 daAuts
     D:5: 1333 daAuts
     D:8: 1167 daAuts
     D:6: 1118 daAuts
     D:7: 946 daAuts
     D:1: 877 daAuts
     D:9: 854 daAuts
     D:2: 842 daAuts
     D:3: 695 daAuts
   Sewer: 273 daAuts
    D:10: 110 daAuts
  Temple: 14 daAuts
